 Dungeon Crawl Stone Soup version 0.28.0 (webtiles) character file.

Game seed: 5547647488278904725

40534 Gud the Carver (level 13, -13/116 HPs)
             Began as a Minotaur Fighter on Aug 11, 2022.
             Was a High Priest of Okawaru.
             Killed from afar by a hellion (39 damage)
             ... with damnation
             ... on level 3 of the Abyss.
             The game lasted 00:45:21 (20127 turns).

Gud the Carver (Minotaur Fighter)                  Turns: 20127, Time: 00:45:22

Health: -13/116    AC: 24    Str: 29    XL:     13   Next: 75%
Magic:  37/37      EV: 15    Int:  5    God:    Okawaru [*****.]
Gold:   786        SH: 14    Dex: 15    Spells: 12/12 levels left

rFire   + . .      SeeInvis .   O - +7 long sword of Dung {freeze, rElec rF+ MP+9}
rCold   + . .      Faith    .   P - +3 buckler of Truth {Dex+4}
rNeg    . . .      Spirit   .   x - +0 plate armour
rPois   .          Reflect  +   (helmet restricted)
rElec   +          Harm     .   m - +1 cloak "Rurhoi" {+Blink Str+6}
rCorr   .          Rampage  .   z - +2 pair of gloves
Will    .....                   h - +2 pair of boots "Joitheta" {rC+ MP+9}
Stlth   ..........              l - amulet of reflection
HPRegen 0.00/turn               v - +4 ring of evasion
MPRegen 0.25/turn               Q - +4 ring of evasion

@: lethally poisoned (-13 -> -29), sick
A: horns 2, retaliatory headbutt, clumsy 1, [screaming 2]
a: Renounce Religion, Evoke Blink, Heroism, Finesse, Duel


You were on level 3 of the Abyss.
You worshipped Okawaru.
Okawaru was extremely pleased with you.
You visited 2 branches of the dungeon, and saw 16 of its levels.
You visited the Abyss 2 times.
You also visited: Gauntlet.

You collected 1100 gold pieces.
You spent 314 gold pieces at shops.

Inventory:

Hand Weapons
 O - the +7 long sword of Dung (weapon) {freeze, rElec rF+ MP+9}
   (You bought it in a shop on level 12 of the Dungeon)

   It freezes those it strikes, dealing additional cold damage.
   It can also slow down cold-blooded creatures.
   rF:        It protects you from fire.
   rElec:     It insulates you from electricity.
   MP:        It affects your magic capacity (+9).
 R - a +1 scimitar of flaming
Missiles
 b - 3 silver boomerangs
 c - 22 javelins
 i - 4 silver javelins
 k - 6 boomerangs (quivered)
Armour
 h - the +2 pair of boots "Joitheta" (worn) {rC+ MP+9}
   (You acquired it on level 1 of the Abyss)

   rC:        It protects you from cold.
   MP:        It affects your magic capacity (+9).
 m - the +1 cloak "Rurhoi" (worn) {+Blink Str+6}
   (You acquired it on level 9 of the Dungeon)

   Str:       It affects your strength (+6).
   +Blink:    It lets you blink.
 x - a +0 plate armour (worn)
 z - a +2 pair of gloves (worn)
 P - the +3 buckler of Truth (worn) {Dex+4}
   (Okawaru gifted it to you on level 12 of the Dungeon)

   Dex:       It affects your dexterity (+4).
 U - the +3 Mad Mage's Maulers {Infuse+∞ RegenMP Int-3}
   (You found it in a Gauntlet)

   It empowers its wearer's blows with all of their magic.
   It causes its wearer's magical reserves to regenerate more quickly.
   Int:       It affects your intelligence (-3).
Jewellery
 j - a ring of poison resistance
 l - an amulet of reflection (around neck)
 v - a +4 ring of evasion (left hand)
 F - a ring of protection from fire
 J - a ring of positive energy
 Q - a +4 ring of evasion (right hand)
 V - a +6 ring of intelligence
Wands
 q - a wand of acid (1)
 s - a wand of flame (52)
 y - a wand of digging (10)
 C - a wand of iceblast (5)
Scrolls
 a - a scroll of blinking
 f - 4 scrolls of fog
 g - 2 scrolls of holy word
 n - 3 scrolls of brand weapon {unknown}
 o - 5 scrolls of teleportation
 r - a scroll of summoning {unknown}
 t - 2 scrolls of fear
 w - 2 scrolls of magic mapping
 A - a scroll of noise {unknown}
 G - 3 scrolls of enchant armour {unknown}
 H - 2 scrolls of vulnerability {unknown}
 K - a scroll of enchant weapon
 M - a scroll of identify
 N - 3 scrolls of amnesia
 W - a scroll of silence {unknown}
Potions
 d - 2 potions of attraction
 e - 3 potions of haste
 p - 2 potions of lignification
 u - 3 potions of cancellation
 B - 2 potions of ambrosia {unknown}
 D - 2 potions of brilliance
 E - 7 potions of curing
 I - a potion of invisibility {unknown}
 L - 2 potions of might
 S - a potion of resistance {unknown}
Miscellaneous
 X - a lightning rod (2/4)


   Skills:
 + Level 11.2 Fighting
 - Level 14.0 Long Blades
 * Level 11.7 Throwing
 + Level 11.2 Armour
 - Level 8.1 Shields
 - Level 10.0 Invocations
 - Level 5.0 Evocations


You had 12 spell levels left.
You didn't know any spells.
Your spell library contained the following spells:

 Spells                   Type           Power      Damage    Failure   Level
 Apportation              Tloc           0%         N/A       99%         1
 Foxfire                  Conj/Fire      0%         2x1d4     99%         1
 Magic Dart               Conj           0%         1d3       99%         1
 Pain                     Necr           0%         1d4       99%         1
 Blink                    Tloc           0%         N/A       100%        2
 Searing Ray              Conj           0%         2d4       100%        2
 Conjure Flame            Conj/Fire      0%         6-21      100%        3
 Inner Flame              Hex/Fire       0%         N/A       100%        3
 Lesser Beckoning         Tloc           0%         N/A       100%        3
 Ozocubu's Armour         Ice            0%         N/A       100%        3
 Vampiric Draining        Necr           0%         2d6       100%        3
 Flame Wave               Conj/Fire      0%         2d4       100%        4
 Fulminant Prism          Conj/Hex       0%         3d6       100%        4
 Blade Hands              Tmut           0%         N/A       100%        5
 Borgnjor's Vile Clutch   Necr/Erth      0%         N/A       100%        5
 Irradiate                Conj/Tmut      0%         3d14      100%        5
 Manifold Assault         Tloc           0%         N/A       100%        5
 Metabolic Englaciation   Hex/Ice        0%         N/A       100%        5
 Eringya's Noxious Bog    Tmut/Pois      0%         N/A       100%        6
 Dragon Form              Tmut           0%         N/A       100%        7
 Animate Skeleton         Necr           Unusable   N/A       N/A         1
 Summon Small Mammal      Summ           Unusable   N/A       N/A         1
 Animate Dead             Necr           Unusable   N/A       N/A         4
 Summon Forest            Summ/Tloc      Unusable   N/A       N/A         5
 Death Channel            Necr           Unusable   N/A       N/A         6
 Simulacrum               Ice/Necr       Unusable   N/A       N/A         6
 Summon Hydra             Summ           Unusable   N/A       N/A         7

Dungeon Overview and Level Annotations

Branches:
Dungeon (15/15)            Temple (1/1) D:4            Lair (0/6) D:10
    Orc (0/2) D:12         Vaults (0/5) D:14         Depths (0/4) D:15
Gauntlet (visited)

Altars:
Ashenzari
Cheibriados
Dithmenos
Elyvilon
Fedhas
Gozag
Hepliaklqana
Kikubaaqudgha
Makhleb
Nemelex Xobeh
Okawaru
Qazlal
Ru
Sif Muna
Trog
Uskayaw
Vehumet
Wu Jian
Xom
Yredelemnul
Zin
The Shining One

Shops:
D:11 :   D:12 !(=(

Annotations:
D:15 Louise


Innate Abilities, Weirdness & Mutations

You have a pair of horns on your head.
You reflexively headbutt those who attack you in melee.
You are clumsy. (Dex -2)
[You frequently scream uncontrollably at your foes.]


Message History

The shard shrike zombie claws you.
Unknown command.
You slash the worldbinder! You freeze the worldbinder.
You headbutt the worldbinder, but do no damage.
The worldbinder is heavily damaged.
The shard shrike zombie barely misses you.
You furiously retaliate!
You headbutt the shard shrike zombie! You block the tarantella's attack.
You block the wolf spider's attack. The wolf spider bites you.
You are poisoned.
The wolf spider poisons you! The tarantella misses you.
You furiously retaliate!
You headbutt the tarantella. The worldbinder barely misses you.
You furiously retaliate!
You headbutt the worldbinder. The worldbinder closely misses you.
The shard shrike zombie closely misses you.
You furiously retaliate!
You headbutt the shard shrike zombie.
A hellion comes into view.
You slash the worldbinder! You freeze the worldbinder.
You headbutt the worldbinder.
You destroy the worldbinder!
That felt strangely unrewarding.
The tarantella disappears in a puff of smoke! x2
The wolf spider disappears in a puff of smoke!
You feel very sick.
The shard shrike zombie claws you but does no damage. x2
A large abomination comes into view.
You slash the shard shrike zombie! You headbutt the shard shrike zombie!
The shard shrike zombie is moderately damaged.
The substance of the Abyss twists violently, and a gateway leading out appears!
You feel very sick.
The shard shrike zombie claws you but does no damage.
A shadow imp comes into view.
The shard shrike zombie claws you but does no damage.
You feel very sick.
You block the shard shrike zombie's attack.
The shard shrike zombie barely misses you.
You furiously retaliate!
You headbutt the shard shrike zombie. The hellion gestures at you.
The sphere of damnation explodes!
The damnation engulfs you!!!
You die...

.# #..........
#.#....X..## #
.........#
#.#5...#... #.
.#....#
##...2.#...
#....#§.#.# #####.
#§.@§..#
#........Z#§......
# ####.#.3........
# # ...#.##...###.
# . ..#... ......
# #####.#.#.#...
.#..≈≈##### #
..Z≈. .≈≈.##


You could see a large abomination, a smoke demon, a hellion, a shadow imp and a
shard shrike zombie.

Vanquished Creatures
  Rupert (D:14)
  A tentacled starspawn (Abyss:1)
  A deep elf elementalist (Abyss:3)
  A caustic shrike skeleton (Abyss:1)
  A minotaur (Gauntlet)
  Snorg (D:14)
  2 boulder beetles
  3 hydras
  2 rakshasas
  Erolcha (D:12)
  An ogre mage (D:15)
  9 two-headed ogres
  A centaur warrior (D:14)
  A tengu warrior (D:12)
  Urug (D:13)
  2 thrashing horrors (Abyss:3)
  A sun demon (Abyss:3)
  A wretched star (Abyss:3)
  A fire crab (Gauntlet)
  A death drake (Abyss:3)
  A shadow wraith (Abyss:3)
  3 skeletal warriors (D:12)
  A necromancer (D:14)
  4 ugly things
  2 worldbinders (Abyss:3)
  6 cyclopes
  An elephant (D:10)
  A centaur zombie (D:10)
  An eye of devastation (Abyss:3)
  A guardian serpent (Abyss:3)
  2 apocalypse crabs (Abyss:3)
  A smoke demon (Abyss:3)
  4 gargoyles
  A torpor snail (Gauntlet)
  An efreet (D:14)
  A rime drake (shapeshifter) (D:14)
  An ice devil (Abyss:3)
  2 red devils (Abyss:3)
  A tengu conjurer (D:13)
  2 komodo dragons
  4 ancient zymes (Abyss:3)
  3 meliai (D:13)
  10 trolls
  A hornet (D:9)
  A raiju (shapeshifter) (D:14)
  A raiju (Gauntlet)
  2 shadows (Gauntlet)
  A centaur simulacrum (D:14)
  2 water elementals (D:14)
  Sigmund (D:5)
  2 wyverns
  7 wraiths
  6 fire bats
  A ynoxinul (Abyss:3)
  14 yaks
  4 small abominations
  A vampire (D:13)
  A basilisk (shapeshifter) (D:14)
  3 basilisks
  3 neqoxecs (Abyss:3)
  18 vampire mosquitoes
  A chaos spawn (Abyss:3)
  Menkaure (D:6)
  4 steam dragons
  5 large abominations
  Duvessa (D:5)
  3 water moccasins
  5 acid dragons
  4 orc warriors
  2 ice beasts
  A sky beast (D:6)
  A necrophage (D:5)
  3 black bears (D:6)
  2 snapping turtle skeletons (Abyss:3)
  3 ogres
  7 centaurs
  A phantom (D:4)
  A kobold brigand (D:6)
  Blork the orc (D:6)
  2 scorpions
  A wyvern skeleton (D:6)
  A water moccasin skeleton (D:5)
  Dowan (D:5)
  6 killer bees (D:8)
  A wight (D:9)
  7 electric eels
  A crimson imp (Abyss:3)
  2 bullfrog zombies (D:6)
  2 starcursed masses
  2 hounds
  3 orc priests
  Crazy Yiuf (D:7)
  A bullfrog skeleton (D:6)
  A centaur skeleton (D:4)
  A gnoll shaman (D:8)
  An iron imp (Abyss:3)
  An iguana (D:6)
  10 orc wizards
  A howler monkey skeleton (D:5)
  A howler monkey zombie (D:9)
  11 gnolls
  9 adders
  A shadow imp (D:7)
  An ufetubus (D:5)
  A dart slug (D:4)
  30 orcs
  4 endoplasms
  4 giant cockroaches
  7 goblins
  6 hobgoblins
  10 jackals
  9 kobolds
  5 quokkas
  4 ball pythons
  2 bats (D:1)
  2 frilled lizards (D:1)
  5 rats
360 creatures vanquished.

Vanquished Creatures (others)
  A large abomination (Abyss:3)
  A small abomination (Abyss:3)
  An orc (D:9)
  3 fungi (D:2)
  2 lurking horrors (Abyss:3)
  4 plants (D:2)
  4 starspawn tentacles (Abyss:1)
16 creatures vanquished.

Grand Total: 376 creatures vanquished

Notes
Turn   | Place    | Note
-------+----------+-------------------------------------------
     0 | D:1      | Gud the Minotaur Fighter began the quest for the Orb.
     0 | D:1      | Reached XP level 1. HP: 19/19 MP: 0/0
   402 | D:1      | Reached XP level 2. HP: 25/27 MP: 1/1
   977 | D:2      | Reached skill level 3 in Long Blades
  1066 | D:2      | Reached XP level 3. HP: 25/33 MP: 2/2
  1211 | D:2      | Found a faded altar of an unknown god.
  1257 | D:2      | Reached XP level 4. HP: 38/41 MP: 3/3
  2209 | D:3      | Noticed a centaur
  2218 | D:3      | Killed a centaur
  2219 | D:3      | Reached skill level 4 in Long Blades
  2219 | D:3      | Reached XP level 5. HP: 22/47 MP: 2/4
  2482 | D:3      | Reached skill level 1 in Throwing
  2815 | D:4      | Reached skill level 5 in Fighting
  2815 | D:4      | Reached skill level 5 in Armour
  2931 | D:4      | Reached skill level 5 in Shields
  2931 | D:4      | Reached XP level 6. HP: 29/56 MP: 5/5
  3337 | D:4      | Found a basalt altar of Yredelemnul.
  3367 | D:4      | Found a staircase to the Ecumenical Temple.
  3921 | D:5      | Entered Level 5 of the Dungeon
  3934 | D:5      | Reached skill level 5 in Long Blades
  3934 | D:5      | Reached XP level 7. HP: 53/62 MP: 6/6
  4215 | D:5      | Noticed Duvessa
  4244 | D:5      | Killed Duvessa
  4321 | D:5      | Noticed Dowan
  4334 | D:5      | Killed Dowan
  4335 | D:5      | Reached skill level 6 in Long Blades
  4361 | D:5      | Found a shadowy altar of Dithmenos.
  4447 | D:5      | Noticed Sigmund
  4457 | D:5      | Killed Sigmund
  4458 | D:5      | Reached XP level 8. HP: 67/73 MP: 7/7
  5029 | Temple   | Entered the Ecumenical Temple
  5250 | Temple   | Became a worshipper of Warmaster Okawaru
  5345 | D:6      | Reached skill level 1 in Invocations
  5489 | D:6      | Reached skill level 7 in Long Blades
  5489 | D:6      | Reached skill level 1 in Evocations
  5611 | D:6      | Reached * piety under Okawaru
  5621 | D:6      | Noticed Blork the orc
  5621 | D:6      | Noticed Menkaure
  5629 | D:6      | Killed Blork the orc
  5632 | D:6      | HP: 1/73 [Menkaure (16)]
  5638 | D:6      | Killed Menkaure
  6297 | D:6      | Reached XP level 9. HP: 74/81 MP: 9/9
  6811 | D:7      | Reached ** piety under Okawaru
  6812 | D:7      | Reached skill level 8 in Long Blades
  7065 | D:7      | Identified the +5 mace of the Other Side {vorpal, rPois rF-
                  | rN+++ rCorr}
  7088 | D:7      | Found a runed translucent door.
  7089 | D:7      | Noticed Crazy Yiuf
  7097 | D:7      | Killed Crazy Yiuf
  7558 | D:8      | Reached *** piety under Okawaru
  7573 | D:8      | Reached skill level 9 in Long Blades
  7897 | D:8      | Reached XP level 10. HP: 60/91 MP: 11/11
 10222 | D:9      | Identified 2 scrolls of acquirement
 10224 | D:9      | Acquired the +1 cloak "Rurhoi" {+Blink Str+6}
 10303 | D:9      | Cast into level 1 of the Abyss (orc wizard)
 10305 | Abyss:1  | Acquired the +2 pair of boots "Joitheta" {rC+ MP+9}
 10368 | Abyss:1  | Noticed a starcursed mass
 10672 | Abyss:1  | Noticed a tentacled starspawn
 10686 | Abyss:1  | Killed a tentacled starspawn
 10689 | D:9      | Escaped the Abyss
 11314 | D:9      | Received a gift from Okawaru
 11389 | D:9      | Reached skill level 10 in Fighting
 11389 | D:9      | Reached skill level 10 in Armour
 11497 | D:10     | Entered Level 10 of the Dungeon
 11510 | D:10     | Reached **** piety under Okawaru
 11618 | D:10     | Reached skill level 5 in Throwing
 11629 | D:10     | Reached skill level 5 in Invocations
 11733 | D:10     | Found a staircase to the Lair.
 11805 | D:10     | Found a hide-covered altar of Uskayaw.
 11910 | D:10     | Noticed an elephant
 11917 | D:10     | Killed an elephant
 11918 | D:10     | Reached XP level 11. HP: 99/99 MP: 13/13
 12103 | D:10     | Reached ***** piety under Okawaru
 12104 | D:10     | Reached skill level 10 in Long Blades
 12117 | D:10     | Found a glowing golden altar of the Shining One.
 12460 | D:11     | Reached skill level 5 in Evocations
 12494 | D:11     | Noticed a five-headed hydra
 12500 | D:11     | Killed a five-headed hydra
 12500 | D:11     | Received a gift from Okawaru
 12720 | D:11     | Noticed a purple ugly thing
 12734 | D:11     | Killed a purple ugly thing
 12825 | D:11     | Noticed a green ugly thing
 12842 | D:11     | Killed a green ugly thing
 12882 | D:11     | Identified the +1 robe of the Worm {rElec Dex+2}
 12943 | D:11     | Found Pilalyru's Book Boutique.
 13289 | D:12     | Found Jati's Antique Weapon Shop.
 13292 | D:12     | Bought a fine long sword for 314 gold pieces
 13292 | D:12     | Identified the +7 long sword of Dung {freeze, rElec rF+
                  | MP+9} (You bought it in a shop on level 12 of the Dungeon)
 13348 | D:12     | Found Potumic's Jewellery Shop.
 13350 | D:12     | Found a staircase to the Orcish Mines.
 13477 | D:12     | Received a gift from Okawaru
 13592 | D:12     | Noticed a skeletal warrior
 13593 | D:12     | Noticed a skeletal warrior
 13593 | D:12     | Noticed a skeletal warrior
 13607 | D:12     | Killed a skeletal warrior
 13615 | D:12     | Killed a skeletal warrior
 13616 | D:12     | Reached skill level 11 in Long Blades
 13620 | D:12     | Killed a skeletal warrior
 13620 | D:12     | Identified the +3 buckler of Truth {Dex+4} (Okawaru gifted
                  | it to you on level 12 of the Dungeon)
 13620 | D:12     | Received a gift from Okawaru
 14018 | D:12     | Noticed a green ugly thing
 14020 | D:12     | Noticed Erolcha
 14028 | D:12     | Killed a green ugly thing
 14029 | D:12     | Reached XP level 12. HP: 106/106 MP: 16/16
 14279 | D:12     | Found Lurofru's Antique Weapon Shop.
 14284 | D:12     | Noticed a tengu warrior
 14295 | D:12     | Killed a tengu warrior
 14390 | D:12     | Found Xixtozai's Distillery.
 14916 | D:12     | Killed Erolcha
 14940 | D:13     | Noticed Urug
 14946 | D:13     | Killed Urug
 15003 | D:13     | Noticed a two-headed ogre
 15010 | D:13     | Killed a two-headed ogre
 15011 | D:13     | Reached skill level 12 in Long Blades
 15450 | D:13     | Noticed a boulder beetle
 15470 | D:13     | Killed a boulder beetle
 15686 | D:13     | Received a gift from Okawaru
 15987 | D:14     | Noticed a rakshasa
 16141 | D:14     | Killed a rakshasa
 16142 | D:14     | Reached skill level 13 in Long Blades
 16385 | D:14     | Noticed Snorg
 16410 | D:14     | Killed Snorg
 16478 | D:14     | Noticed a two-headed ogre
 16478 | D:14     | Noticed a two-headed ogre
 16495 | D:14     | Killed a two-headed ogre
 16495 | D:14     | Received a gift from Okawaru
 16500 | D:14     | Killed a two-headed ogre
 16500 | D:14     | Reached ****** piety under Okawaru
 16548 | D:14     | Found a radiant altar of Vehumet.
 16555 | D:14     | Reached XP level 13. HP: 113/113 MP: 19/19
 16584 | D:14     | Found a gate to the Vaults.
 16823 | D:14     | Reached skill level 10 in Throwing
 16937 | D:14     | Reached skill level 10 in Invocations
 16952 | D:14     | Received a gift from Okawaru
 17165 | D:14     | Reached skill level 14 in Long Blades
 17262 | D:14     | Noticed Rupert
 17281 | D:14     | Killed Rupert
 17753 | D:15     | Entered Level 15 of the Dungeon
 17757 | D:15     | Found a gate leading to a gauntlet.
 17792 | Gauntlet | Entered a Gauntlet
 17792 | Gauntlet | Found a large runed translucent door.
 17792 | Gauntlet | Found a large runed translucent door.
 17792 | Gauntlet | Found a large runed translucent door.
 17792 | Gauntlet | Found a large runed translucent door.
 17792 | Gauntlet | Found a large runed translucent door.
 17792 | Gauntlet | Found a large runed translucent door.
 17792 | Gauntlet | Found a large runed translucent door.
 17792 | Gauntlet | Found a large runed translucent door.
 17792 | Gauntlet | Found a runed translucent door.
 17792 | Gauntlet | Found a runed translucent gate.
 17792 | Gauntlet | Found a transporter.
 17792 | Gauntlet | Found a transporter.
 17792 | Gauntlet | Found a runed translucent gate.
 17792 | Gauntlet | Found a transporter.
 17831 | Gauntlet | Found a runed translucent door.
 17831 | Gauntlet | Found a runed translucent gate.
 17832 | Gauntlet | Found a transporter.
 17837 | Gauntlet | Found a large runed translucent door.
 17837 | Gauntlet | Found a large runed translucent door.
 17844 | Gauntlet | Found a transporter.
 17873 | Gauntlet | Found a large runed translucent door.
 17873 | Gauntlet | Found a large runed translucent door.
 17876 | Gauntlet | Found a large runed translucent door.
 17876 | Gauntlet | Found a large runed translucent door.
 17877 | Gauntlet | Found a large runed translucent door.
 17878 | Gauntlet | Found a large runed translucent door.
 17907 | Gauntlet | Found a transporter.
 17921 | Gauntlet | Found the +3 Mad Mage's Maulers {Infuse+∞ RegenMP Int-3}
 17923 | Gauntlet | Found a transporter.
 17932 | Gauntlet | Found a transporter.
 17944 | Gauntlet | Found a transporter.
 17957 | Gauntlet | Found a transporter.
 17963 | Gauntlet | Found a transporter.
 17984 | Gauntlet | Found a transporter.
 18060 | Gauntlet | Identified the +5 scale mail of Pride {rElec rC+ Will-
                  | Dex+4 Stlth+} (Okawaru gifted it to you in a Gauntlet)
 18060 | Gauntlet | Received a gift from Okawaru
 18074 | Gauntlet | Noticed a broodmother
 18074 | Gauntlet | a slime creature changed into a broodmother
 18076 | Gauntlet | a broodmother changed into an anaconda
 18379 | Gauntlet | Noticed a minotaur
 18383 | Gauntlet | Killed a minotaur
 19239 | D:15     | Noticed Louise
 19243 | D:15     | Cast into level 3 of the Abyss (Louise)
 19244 | Abyss:3  | Found a corrupted altar of Lugonu.
 19357 | Abyss:3  | Gained mutation: You are clumsy. (Dex -2) [a neqoxec]
 19580 | Abyss:3  | Noticed a deep elf elementalist
 19583 | Abyss:3  | Killed a deep elf elementalist
 19610 | Abyss:3  | Noticed a starcursed mass
 19638 | Abyss:3  | Noticed a starcursed mass
 19638 | Abyss:3  | Noticed a starcursed mass
 19640 | Abyss:3  | Noticed a thorn hunter
 19641 | Abyss:3  | Killed a starcursed mass
 19641 | Abyss:3  | Noticed an entropy weaver
 19659 | Abyss:3  | Found a corrupted altar of Lugonu.
 20127 | Abyss:3  | Killed from afar by a hellion

Illustrated notes

Levels and vault maps discovered:
D:1:      dpeg_arrival_arbitrary_b, layout_basic
D:2:      layout_rooms, shapermc_ecumenical_altar_mp_urbaneastern,
          kennysheep_generic_room_5
D:3:      layout_basic, minmay_statues_item
D:4:      layout_basic, mainiacjoe_overflow_boulevard,
          minmay_temple_entry_from_below_a
D:5:      layout_basic, mainiacjoe_overflow_concentric_impassable, uniq_duvessa,
          uniq_sigmund
D:6:      layout_basic, uniq_blork_the_orc, uniq_menkaure
D:7:      layout_basic, uniq_crazy_yiuf_cottage
D:8:      layout_basic, grunt_ministairs_3, mrwooster_statue_mirror,
          nicolae_water_bricks
D:9:      layout_cave_pools, minmay_misc_feat_diagonals,
          hangedman_minor_gate_pass
D:10:     layout_loops_ring, mainiacjoe_overflow_catwalk,
          nicolae_tso_carved_into_rock, david_lair_generic
D:11:     layout_basic, serial_shops, nicolae_shop_waterfront
D:12:     minmay_skewed_foursquare, layout_loops_ring, orc_david_3,
          serial_shops, nicolae_take_the_stairs, kennysheep_mini, shop, shop,
          uniq_erolcha
D:13:     layout_roguey, uniq_urug
D:14:     layout_basic, david_vaults_1, vehumet_crystals,
          small_statue_intersection, uniq_snorg, uniq_rupert
D:15:     grunt_enter_depths_hoard, layout_loops_corners,
          gauntlet_entry_generic, minmay_misc_feat_x, uniq_louise
Temple:   eino_narrow_crystal_temple
Abyss:3:  base: D:1, hangedman_abyss_shoalhut, nicolae_abyss_rune_left_handed,
          hangedman_decor_lopped, minivault_28, hangedman_decor_lopped,
          minivault_20, eino_small_chamber_without_monster,
          grunt_abyss_rune_wretched_hive

Skill      XL: |  1  2  3  4  5  6  7  8  9 10 11 12 13 |
---------------+----------------------------------------+-----
Fighting       | 4 5 7 8 9 10 11 | 11.2
Long Blades    | 3 4 5 6 7 9 11 13 14 | 14.0
Armour         | 4 5 7 8 9 10 11 | 11.2
Shields        | 4 5 6 7 8 |  8.1
Throwing       | 1 2 3 5 7 9 11 | 11.7
Invocations    | 2 3 5 7 9 10 | 10.0
Evocations     | 1 3 4 5 |  5.0

Action                   |  1- 3 |  4- 6 |  7- 9 | 10-12 | 13-15 || total
-------------------------+-------+-------+-------+-------+-------++-------
Melee: Long sword        |    76 |   150 |   108 |   211 |   318 ||   863
       Headbutt          |     4 |    16 |    40 |   107 |    93 ||   260
       Scimitar          |       |       |   139 |   291 |       ||   430
Throw: Boomerang         |       |     3 |    83 |    35 |    34 ||   155
       Javelin           |       |       |       |    30 |    23 ||    53
Invok: Heroism           |       |       |       |     4 |     4 ||     8
       Finesse           |       |       |       |     1 |     3 ||     4
Evoke: Wand              |       |       |     2 |     9 |     2 ||    13
       Lightning rod     |       |       |       |       |     2 ||     2
  Use: Potion            |       |       |     5 |     4 |       ||     9
       Scroll            |       |       |     6 |    13 |     4 ||    23
Armor: Scale mail        |    40 |    38 |       |       |       ||    78
       Chain mail        |       |    44 |    85 |    24 |       ||   153
       Skin              |       |       |     9 |       |       ||     9
       Plate armour      |       |       |       |   223 |    83 ||   306
Dodge: Dodged            |    41 |    69 |   103 |   178 |   102 ||   493
Block: Buckler           |    16 |    73 |   153 |   210 |   175 ||   627
       Reflection        |       |     1 |     4 |    12 |       ||    17
       Kite shield       |       |       |       |   188 |       ||   188
